 Dungeon Crawl Stone Soup version 0.27-a0-3-gcf006a40f5 (webtiles) character file.

Game seed: 8970659459628373643

100 hehateme the Skirmisher (level 4, -2/36 HPs)
             Began as a Demonspawn Gladiator on Jan 1, 2021.
             Was an Initiate of Ru.
             Slain by a worker ant (5 damage)
             ... on level 4 of the Dungeon.
             The game lasted 00:06:03 (2840 turns).

hehateme the Skirmisher (Demonspawn Gladiator)      Turns: 2840, Time: 00:06:04

Health: -2/36      AC:  5    Str: 12 (15) XL:     4   Next: 47%
Magic:  4/4        EV: 11    Int:  8 (10) God:    Ru [......]
Gold:   153        SH:  0    Dex: 11 (14) Spells: 3/3 levels left

rFire    . . .     SeeInvis .   a - +0 quarterstaff
rCold    . . .     Faith    .   (shield currently unavailable)
rNeg     . . .     Spirit   .   s - +0 ring mail
rPois    .         Reflect  .   (helmet restricted)
rElec    .         Harm     .   (no cloak)
rCorr    .         Rampage  .   (no gloves)
Will     .....                  (no boots)
Stlth    +.........             (no amulet)
HPRegen  0.12/turn              (no ring)
MPRegen  0.09/turn              (no ring)

@: lethally poisoned (-2 -> -13), hasted, very quick
A: horns 2, miasma immunity
a: Renounce Religion


You were on level 4 of the Dungeon.
You worshipped Ru.
Ru was noncommittal.
You visited 1 branch of the dungeon, and saw 4 of its levels.

You collected 153 gold pieces.

Inventory:

Hand Weapons
 a - a +0 quarterstaff (weapon)
 v - a +0 morningstar
Missiles
 d - 2 throwing nets {=f}
 g - 115 stones (quivered)
 i - 14 poisoned darts
 n - 3 boomerangs
 r - 16 sling bullets
 u - 82 arrows
 Q - 24 bolts
Armour
 b - a +0 leather armour
 c - a +0 helmet
 s - a +0 ring mail (worn)
Jewellery
 j - an uncursed amulet of regeneration {unknown}
 q - an uncursed ring of magical power {MP+9}
Scrolls
 h - 2 scrolls of magic mapping {unknown}
 k - 5 scrolls of remove curse
 m - 3 scrolls of identify {unknown}
 p - a scroll of blinking {unknown}
 t - 3 scrolls of teleportation
Potions
 e - 2 potions of degeneration {!q}
 l - 4 potions of flight {unknown}
 o - a potion of mutation {unknown}


   Skills:
 + Level 3.6 Fighting
 - Level 3.1 Staves
 - Level 1.7 Throwing
 + Level 2.0 Armour
 - Level 2.6 Dodging


You had 3 spell levels left.
You didn't know any spells.
Your spell library was empty.

Dungeon Overview and Level Annotations

Branches:
Dungeon (4/15)
 Temple: D:4-7

Altars:
Ashenzari
Kikubaaqudgha
Nemelex Xobeh
Ru
Vehumet
Xom

Annotations:
D:3 exclusion: giant cockroach


Innate Abilities, Weirdness & Mutations

You have a pair of horns on your head.
You are immune to miasma.


Message History

You take 6 damage, and have 10/36 hp.
You completely miss the worker ant.
You feel sick. The worker ant barely misses you.
You take 1 damage, and have 9/36 hp.
You hit the worker ant. The worker ant bites you.
* * * LOW HITPOINT WARNING * * *
You are lethally poisoned!
The worker ant poisons you!
It was a potion of degeneration.
There was something very wrong with that liquid.
You feel weakened.
You feel dopey.
You feel clumsy.
e - 2 potions of degeneration;
k - 5 scrolls of remove curse
* * * LOW HITPOINT WARNING * * *
You feel sick. The worker ant barely misses you. The worker ant bites you.
* * * LOW HITPOINT WARNING * * *
You take 5 damage, and have 4/36 hp.
It was a potion of haste.
You feel yourself speed up.
* * * LOW HITPOINT WARNING * * *
You feel sick. The worker ant bites you.
You die...

#######################
.........#......@B....#
.........+.......#....#
####'#####..##...###'##
##...#######...## ...
#.....'.........+ ...#
#.....#.........# ...#
##....#.........# ...#
#...##+######### ...#
#...#........ ####

Skill      XL: |  1  2  3  4 |
---------------+-------------+-----
Staves         | 3 |  3.1
Fighting       | 3 |  3.6
Armour         | 1 2 |  2.0
Throwing       | |  1.7
Dodging        | |  2.6

Notes
Turn   | Place    | Note
-------+----------+-------------------------------------------
     0 | D:1      | hehateme the Demonspawn Gladiator began the quest for the
                  | Orb.
     0 | D:1      | Reached XP level 1. HP: 16/16 MP: 1/1
   110 | D:1      | Reached skill level 3 in Staves
   151 | D:1      | Gained mutation: You have a pair of small horns on your
                  | head. [demonic ancestry]
   151 | D:1      | Reached XP level 2. HP: 23/23 MP: 2/2
   752 | D:2      | Found a shimmering altar of Xom.
   767 | D:2      | Gained mutation: You are immune to miasma. [demonic
                  | ancestry]
   767 | D:2      | Reached XP level 3. HP: 14/28 MP: 3/3
  1223 | D:3      | Found a sparkling altar of Nemelex Xobeh.
  1223 | D:3      | Found a broken altar of Ashenzari.
  1230 | D:2      | Reached skill level 3 in Fighting
  1230 | D:2      | Reached skill level 1 in Armour
  1543 | D:3      | Found a radiant altar of Vehumet.
  1543 | D:3      | Found an ancient bone altar of Kikubaaqudgha.
  1555 | D:3      | Found a sacrificial altar of Ru.
  1784 | D:3      | Gained mutation: You have a pair of horns on your head.
                  | [demonic ancestry]
  1784 | D:3      | Reached XP level 4. HP: 32/35 MP: 4/4
  2404 | D:3      | Reached skill level 2 in Armour
  2763 | D:3      | Became a worshipper of Ru the Awakened
  2837 | D:4      | HP: 9/36 [poisoned by a worker ant]
  2839 | D:4      | HP: 4/36 [worker ant (3)]
  2840 | D:4      | Slain by a worker ant

Table legend: (Time is in decaauts)
 A = Elapsed time spent in this place.
 B = Non-inter-level travel time spent in this place.
 C = Inter-level travel time spent in this place.
 D = Time resting spent in this place.
 E = Time spent auto-exploring this place.
 F = Levels seen in this place.
 G = Mean time per level.
                   A        B        C        D        E       F      G
               +--------+--------+--------+--------+--------+-----+--------+
         Total |   2855 |   2708 |    147 |    611 |   1678 |   4 |  713.8 |
       Dungeon |   2855 |   2708 |    147 |    611 |   1678 |   4 |  713.8 |
               +--------+--------+--------+--------+--------+-----+--------+

Top non-repeatable levels by time:
     D:3: 1470 daAuts
     D:2: 835 daAuts
     D:1: 503 daAuts
     D:4: 45 daAuts

Table legend:
 A = Kills in this place as a percentage of kills in entire the game.
 B = Kills by you in this place as a percentage of kills by you in the entire game.
 C = Kills by friends in this place as a percentage of kills by friends in the entire game.
 D = Other kills in this place as a percentage of other kills in the entire game.
 E = Experience gained in this place as a percentage of experience gained in the entire game.
 F = Experience gained in this place divided by the number of levels of this place that you have seen.
                   A       B       C       D       E      F
               +-------+-------+-------+-------+-------+----------------------
         Total | 100.0 | 100.0 |   N/A |   N/A | 100.0 |  36.0
       Dungeon | 100.0 | 100.0 |   N/A |   N/A | 100.0 |  36.0
               +-------+-------+-------+-------+-------+----------------------

Action                   |  1- 3 |  4- 6 || total
-------------------------+-------+-------++-------
Melee: Quarterstaff      |    60 |    31 ||    91
       Headbutt          |     6 |     5 ||    11
Throw: Throwing net      |     3 |       ||     3
       Stone             |   113 |    40 ||   153
  Use: Scroll            |     2 |       ||     2
       Potion            |       |     2 ||     2
 Stab: Sleeping          |     1 |       ||     1
Armor: Leather armour    |    12 |     1 ||    13
       Ring mail         |       |     5 ||     5
Dodge: Dodged            |    32 |    26 ||    58

Vanquished Creatures
  2 adders
  An ufetubus (D:3)
  A worm (D:2)
  A dart slug (D:3)
  A leopard gecko (D:3)
  5 orcs (D:3)
  6 bats
  4 giant cockroaches
  7 goblins
  13 hobgoblins
  9 kobolds
  5 frilled lizards
  6 rats
61 creatures vanquished.

Vanquished Creatures (others)
  4 toadstools (D:2)
4 creatures vanquished.

Grand Total: 65 creatures vanquished You could see a worker ant.

Levels and vault maps discovered:
D:1:      scummos_arrival_star, layout_rooms
D:2:      layout_loops_ring, lemuel_crystal_altar, minmay_gold_behind_fungi
D:3:      layout_loops_ring, grunt_temple_overflow_open, gup_sewer_entry_glass,
          minivault_24
D:4:      layout_gridville, minmay_fire_ice_demons, uniq_menkaure
